 Dungeon Crawl Stone Soup version 0.16.1 (webtiles) character file.

2534 xsansara the Basher (level 9, 0/70 HPs)
             Began as a Minotaur Berserker on Mar 23, 2015.
             Was a High Priest of Trog.
             Slain by stickyfingers' ghost (3 damage)
             ... on level 8 of the Dungeon.
             The game lasted 00:37:11 (7605 turns).

xsansara the Basher (Minotaur Berserker)            Turns: 7605, Time: 00:37:11

Health: 0/70       AC: 13    Str: 21    XL:     9   Next: 30%
Magic:  4/4        EV:  6    Int:  7    God:    Trog [*****.]
Gold:   659        SH:  0    Dex: 11    Spells: 0 memorised, 8 levels left

rFire  . . .     SeeInvis +     i - +2 lajatang (vamp)
rCold  . . .     Clarity  +     e - +0 plate armour
rNeg   . . .     SustAb   .     (no shield)
rPois  +         Gourm    .     P - +0 hat {SInv}
rElec  .         Spirit   .     (no cloak)
rCorr  .         Warding  .     F - +0 pair of gloves
rMut   .         Stasis   .     (no boots)
MR     +....                    (no amulet)
Stlth  ..........               G - ring of protection from magic
                                j - +1 ring of protection

@: somewhat resistant to hostile enchantments, extremely unstealthy
A: retaliatory headbutt, horns 2, clarity, poison resistance
a: Burn Spellbooks, Berserk, Trog's Hand, Brothers in Arms, Renounce Religion


You were on level 8 of the Dungeon.
You worshipped Trog.
Trog was extremely pleased with you.
You were hungry.

You visited 1 branch of the dungeon, and saw 8 of its levels.
You also visited: Ossuary.

You collected 659 gold pieces.

Inventory:

Hand weapons
 a - a cursed +0 mace
 i - a +2 vampiric lajatang (weapon)
 k - a +0 flail
 n - a +1 antimagic dire flail
 R - the +6 dagger of Thrawagh {flame, +Fly rF+, unknown}
   (You found it on level 6 of the Dungeon)

   It has been specially enchanted to burn those struck by it, causing extra
   injury to most foes and up to half again as much damage against particularly
   susceptible opponents.
   It protects you from fire.
   It lets you fly.
 S - a +1 whip of holy wrath
Missiles
 l - a throwing net (quivered)
 q - 6 javelins of penetration
 y - 4 steel javelins
Armour
 d - a cursed +0 leather armour
 e - a +0 plate armour (worn)
 m - a +0 buckler
 p - a cursed +0 robe of fire resistance
 F - a +0 pair of gloves (worn)
 L - a +1 robe of the Archmagi
 O - a +0 leather armour of fire resistance
 P - a +0 hat of see invisible (worn)
Jewellery
 j - a +1 ring of protection (left hand)
 G - a ring of protection from magic (right hand)
Magical devices
 r - a wand of magic darts (19)
 K - a wand of confusion (22)
 M - a wand of polymorph (7)
 N - a wand of teleportation (4)
Scrolls
 g - a scroll of enchant weapon {unknown}
 s - a scroll of recharging
 v - 5 scrolls of remove curse
 x - a scroll of amnesia {unknown}
 H - a scroll of enchant armour {unknown}
 J - 3 scrolls of teleportation
 Q - a scroll of silence {unknown}
Potions
 b - 3 potions of haste
 h - a potion of invisibility
 o - a potion of cancellation {unknown}
 t - 3 potions of magic
 u - a potion of resistance {unknown}
 w - a potion of brilliance
 z - a potion of cure mutation {unknown}
 A - a potion of restore abilities
 B - a potion of flight {unknown}
 C - a potion of curing
 D - a potion of degeneration {unknown}
 E - 2 potions of might
Comestibles
 c - 4 bread rations
 f - 2 meat rations


   Skills:
 - Level 3.6 Fighting
 - Level 14.3(14.4) Maces & Flails
 + Level 3.3(10.1) Staves
 - Level 2.4 Armour
 - Level 2.1 Dodging


You had 8 spell levels left.
You didn't know any spells.

Dungeon Overview and Level Annotations

Branches:
Dungeon (8/15)             Temple (0/1) D:4
   Lair: D:8-11

Altars:
Ashenzari
Fedhas
Okawaru
Ru
Trog
Xom
Yredelemnul
Zin
The Shining One

Shops:
D:4 [

Annotations:
D:8 stickyfingers' ghost, experienced OpSu


Innate Abilities, Weirdness & Mutations

You reflexively headbutt those who attack you in melee.
You have a pair of horns on your head.
You possess an exceptional clarity of mind.
Your system is resistant to poisons.


Message History

Stickyfingers' ghost hits you. Stickyfingers' ghost freezes you.
The river rat bites you but does no damage.
The kobold hits you but does no damage.
You miss stickyfingers' ghost.
Stickyfingers' ghost is moderately damaged.
The bat hits you but does no damage. x2
Stickyfingers' ghost hits you. Stickyfingers' ghost freezes you.
The river rat bites you. The kobold hits you but does no damage.
You miss stickyfingers' ghost.
Stickyfingers' ghost is moderately damaged.
The bat hits you but does no damage. Stickyfingers' ghost hits you!
* * * LOW HITPOINT WARNING * * *
Stickyfingers' ghost freezes you.
* * * LOW HITPOINT WARNING * * *
The river rat bites you but does no damage.
The kobold hits you but does no damage. The bat hits you but does no damage.
Stickyfingers' ghost hits you!
* * * LOW HITPOINT WARNING * * *
Stickyfingers' ghost freezes you.
You die...

#......##.#
#.#..(.##.#
#.##.#(##r#
#.#...(##W#
#.#.##.##.#
#.#.##.##r#
#....#.##.#
#...rrW##.##########
#...rK@............##
#...b...####.........
##(..#....r..........
##...........#)....
#####.####........
#.# #.##..... #.# ...
.../ #.. .#.. .. ###
# #..#


You could see stickyfingers' ghost, a river rat, a bat, a kobold and 2 rats.

Vanquished Creatures
  Eustachio (D:5)
  A hippogriff (D:7)
  A hungry ghost (D:8)
  A sky beast (D:6)
  2 orc warriors
  A phantom (D:4)
  An ogre (D:6)
  Sigmund (D:5)
  The ghost of Anothat the Ruffian, an average VSMo (D:3)
  2 giant frogs (D:6)
  2 crimson imps
  A giant frog skeleton (D:4)
  6 orc priests
  6 worker ants
  Natasha (thrice) (D:3)
  3 iguanas
  13 orc wizards
  A big kobold zombie (Ossuary)
  A hound skeleton (D:4)
  8 mummies (Ossuary)
  Robin (D:2)
  9 adders
  A river rat (D:8)
  7 gnolls
  A giant mite (D:3)
  2 shadow imps
  3 worms (D:2)
  2 giant geckos
  28 orcs
  A ball python (D:2)
  A bat skeleton (D:5)
  9 giant cockroaches
  12 goblins
  14 hobgoblins
  2 oozes
  9 quokkas
  17 bats
  A giant newt (D:2)
  2 gnoll zombies (Ossuary)
  A hobgoblin zombie (Ossuary)
  13 jackals
  17 kobolds
  A kobold zombie (Ossuary)
  3 orc zombies (Ossuary)
  11 rats
224 creatures vanquished.

Notes
Turn   | Place    | Note
--------------------------------------------------------------
     0 | D:1      | xsansara, the Minotaur Berserker, began the quest for the Orb.
     0 | D:1      | Reached XP level 1. HP: 19/19 MP: 1/1
   181 | D:1      | Reached skill level 4 in Maces & Flails
   333 | D:1      | Reached XP level 2. HP: 26/26 MP: 1/1
   388 | D:1      | Acquired Trog's second power
   672 | D:1      | Reached skill level 5 in Maces & Flails
   872 | D:2      | Reached XP level 3. HP: 31/31 MP: 2/2
  1046 | D:2      | Found a shimmering altar of Xom.
  1239 | D:2      | Found a glowing silver altar of Zin.
  1421 | D:2      | Reached XP level 4. HP: 39/39 MP: 2/2
  1429 | D:2      | Reached skill level 6 in Maces & Flails
  1625 | D:2      | Noticed Robin
  1638 | D:2      | Killed Robin
  1889 | D:3      | Gained mutation: You possess an exceptional clarity of mind. [potion of mutation]
  1889 | D:3      | Gained mutation: Your system is resistant to poisons. [potion of mutation]
  1889 | D:3      | Gained mutation: You evolve. [potion of mutation]
  1962 | D:3      | Found a bloodstained altar of Trog.
  2061 | D:3      | Noticed Natasha
  2066 | D:3      | Killed Natasha
  2066 | D:3      | Reached skill level 7 in Maces & Flails
  2066 | D:3      | Reached XP level 5. HP: 42/45 MP: 2/2
  2077 | D:3      | Noticed Natasha
  2083 | D:3      | Killed Natasha
  2184 | D:3      | Noticed Anothat's ghost (average VSMo)
  2190 | D:3      | Killed Anothat's ghost
  2272 | D:3      | Reached skill level 8 in Maces & Flails
  2358 | D:3      | Noticed Natasha
  2358 | D:3      | Reached XP level 6. HP: 51/51 MP: 3/3
  2390 | D:3      | Killed Natasha
  2490 | D:3      | Acquired Trog's third power
  2780 | D:4      | Found Claow's Armour Emporium.
  2805 | D:4      | Reached skill level 9 in Maces & Flails
  2963 | D:4      | Found a sand-covered staircase.
  2974 | Ossuary  | Entered an ossuary
  3115 | Ossuary  | Reached XP level 7. HP: 57/57 MP: 3/3
  3263 | Ossuary  | Reached skill level 10 in Maces & Flails
  3673 | D:4      | Received a gift from Trog
  3675 | D:4      | Lost mutation: You evolve. [evolution]
  3779 | D:4      | Reached skill level 11 in Maces & Flails
  4039 | D:4      | Found a staircase to the Ecumenical Temple.
  4283 | D:5      | Entered Level 5 of the Dungeon
  4283 | D:5      | Noticed Eustachio
  4449 | D:5      | Noticed Sigmund
  4465 | D:5      | Killed Sigmund
  4465 | D:5      | Reached XP level 8. HP: 64/64 MP: 3/3
  4509 | D:5      | Found an iron altar of Okawaru.
  4808 | D:5      | Killed Eustachio
  4808 | D:5      | Reached skill level 12 in Maces & Flails
  5477 | D:6      | Found a shattered altar of Ashenzari.
  5480 | D:6      | Found a glowing golden altar of the Shining One.
  5480 | D:6      | Found a blossoming altar of Fedhas.
  5481 | D:6      | Found a basalt altar of Yredelemnul.
  5915 | D:6      | Got a steaming dagger
  5917 | D:6      | Reached skill level 13 in Maces & Flails
  6036 | D:6      | HP: 2/64 [orc warrior/long sword (10)]
  6618 | D:6      | Reached XP level 9. HP: 70/70 MP: 4/4
  6735 | D:7      | Reached skill level 14 in Maces & Flails
  7078 | D:7      | Found a sacrificial altar of Ru.
  7336 | D:7      | Reached skill level 1 in Staves
  7371 | D:8      | Received a gift from Trog
  7467 | D:8      | Noticed stickyfingers' ghost (experienced OpSu)
  7605 | D:8      | HP: 3/70 [stickyfingers' ghost (12)]
  7605 | D:8      | Slain by stickyfingers' ghost

Action                   |  1- 3 |  4- 6 |  7- 9 || total
-------------------------+-------+-------+-------++-------
Melee: Mace              |    67 |       |       ||    67
       Flail             |     5 |   178 |   310 ||   493
       Unarmed           |       |       |     7 ||     7
       Lajatang          |       |       |    51 ||    51
Invok: Berserk           |     1 |     2 |     2 ||     5
       Trog's Hand       |       |     3 |     1 ||     4
       Burn Spellbooks   |       |       |     2 ||     2
Evoke: Wand              |       |       |     1 ||     1
  Use: Scroll            |       |     8 |     5 ||    13
       Potion            |       |     1 |     5 ||     6
 Stab: Confused          |       |       |     2 ||     2
  Eat: Chunk             |     2 |     8 |    10 ||    20
       Bread ration      |       |       |     1 ||     1
       Pizza             |       |       |     1 ||     1
       Meat ration       |       |       |     1 ||     1
